Unix NetHack Version 5.0.0-0 post-release - last build May  4 2026 22:22:43 (774f63e81ad911689b3a0859ea89b322d5daca8d,branch:main).

Game began 2026-05-06 09:51:05, ended 2026-05-06 10:10:52.

2459783kj, neutral female human Ranger

                   ---
                   |<.
                   |..
              ------..
             --.--....
            ......).^.
            ..).@.%.
            .....h
             ...

2459783kj the Tenderfoot     St:16 Dx:10 Co:14 In:13 Wi:14 Ch:10  Neutral
Dlvl:4  $:16 HP:0(22) Pw:7(7) AC:7  Xp:2 T:1253 

Latest messages:
 A dagger misses you.
 The gnome lord throws 2 darts!
 The 1st dart hits the hobbit.
 The 2nd dart hits the hobbit.
 You kill the hobbit!
 The dwarf picks up a dagger.
 The gnome lord strikes at your displaced image and misses you!
 The gnome lord throws a dart!
 You are hit by a dart.
 The gecko bites!
 The gnome strikes at your displaced image and misses you!
 The gnome lord picks up a very rusty dart.
 You kill the gecko!
 The gnome strikes at your displaced image and misses you!
 The gnome lord throws a dart!
 You are hit by a dart.
 The gnome strikes at your displaced image and misses you!
 The gnome lord throws a dart!
 You are hit by a dart.
 The gnome lord strikes at your displaced image and misses you!
 The gnome lord picks up a very rusty dart.
 The gnome wields a bow!
 The gnome shoots an arrow!
 The gnome lord throws 2 darts!
 You are hit by the 1st dart.
 You are almost hit by the 2nd dart.
 The gnome strikes at your displaced image and misses you!
 The gnome swings her bow.
 The gnome hits!
 The gnome lord throws 2 darts!
 You are almost hit by the 1st dart.
 You are hit by the 2nd dart.
 The gnome strikes at your displaced image and misses you!
 The dwarf picks up an arrow.
 The gnome lord throws a dart!
 The dart hits the dwarf.
 The gnome lord picks up a very rusty dart.
 You descend the stairs.
 You find a magic trap.
 You are hit by a crude dagger.
 You are hit by a thonged club.
 The thonged club returns to its hand!
 The dwarf swings her thonged club.
 The dwarf hits!
 You die...
 Do you want your possessions identified? [ynq] (y) n
 Do you want to see your attributes? [ynq] (y) n
 Do you want an account of creatures vanquished? [ynaq] (y) n
 Do you want to see your conduct and achievements? [ynq] (y) n
 Do you want to see the dungeon overview? [ynq] (y) n

Inventory:
 Coins    ('$')
  $ - 16 gold pieces
 Weapons  (')')
  d - 31 blessed +0 arrows
  c - 54 +2 arrows (in quiver)
  b - a +1 bow (alternate weapon; not wielded)
  q - a +0 bow
  a - a +1 dagger (weapon in right hand)
 Armor    ('[')
  e - an uncursed +2 cloak of displacement (being worn)
 Comestibles  ('%')
  f - 7 uncursed cram rations
  i - 2 uncursed food rations
 Scrolls  ('?')
  s - an uncursed scroll of identify
  n - a blessed scroll of remove curse
  g - an uncursed scroll of teleportation
 Rings    ('=')
  m - an uncursed ring of warning
 Tools    ('(')
  k - an uncursed lock pick
 Gems/Stones  ('*')
  h - a cursed aquamarine stone
  l - 2 uncursed worthless pieces of yellow glass

2459783kj the Ranger's attributes:

Background:
 You were a Tenderfoot, a level 2 female human Ranger.
 You were neutral, nominally on a mission for Venus
 who was opposed by Mercury (lawful) and Mars (chaotic).
 You were right-handed.
 You were in the Gnomish Mines, on level 4.
 You entered the dungeon 1253 turns ago.
 You had 38 experience points, 2 more were needed to attain level 3.

Basics:
 You had 0 out of 22 hit points.
 You had all 7 energy points (spell power).
 Your armor class was 7.
 Your wallet contained 16 zorkmids.
 Autopickup was off.

Final Characteristics:
 Your strength was 16 (limit:18/100).
 Your dexterity was 10 (limit:18).
 Your constitution was 14 (limit:18).
 Your intelligence was 13 (limit:18).
 Your wisdom was 14 (limit:18).
 Your charisma was 10 (limit:18).

Final Status:
 You weren't hungry.
 You were unencumbered.
 You were wielding a dagger.
 You had basic skill with dagger.

Final Attributes:
 You were devoutly aligned.
 You had automatic searching.
 You were displaced.
 You were warded.
 You are dead.

Miscellaneous:
 You encountered 1 bones level.
 Total elapsed playing time was 19 minutes and 44 seconds.

Major events:
 Turn
    1: 2459783kj the neutral female human Ranger entered the dungeon
  760: entered the Gnomish Mines
 1253: killed by a dwarf

You didn't know any spells.

Skills:
 Fighting Skills
   bare handed combat [Unskilled]
   riding             [Unskilled]
 Weapon Skills
   dagger             [Basic]
   knife              [Unskilled]
   axe                [Unskilled]
   pick-axe           [Unskilled]
   short sword        [Unskilled]
   morning star       [Unskilled]
   flail              [Unskilled]
   hammer             [Unskilled]
   quarterstaff       [Unskilled]
   polearms           [Unskilled]
   spear              [Unskilled]
   trident            [Unskilled]
   bow                [Basic]
   sling              [Unskilled]
   crossbow           [Unskilled]
   dart               [Unskilled]
   shuriken           [Unskilled]
   boomerang          [Unskilled]
   whip               [Unskilled]
 Spellcasting Skills
   healing spells     [Unskilled]
   divination spells  [Unskilled]
   escape spells      [Unskilled]

Voluntary challenges:
 Character rerolling was not enabled.
 You followed a strict vegan diet.
 You were an atheist.
 You never genocided any monsters.
 You never polymorphed an object.
 You never changed form.
 You used no wishes.
Achievements:
 You entered a shop.
 You entered the Gnomish Mines.

 The Dungeons of Doom: levels 1 to 3
    Level 1:
    Level 2:
       A scroll shop.
       Stairs down to The Gnomish Mines.
    Level 3:
 The Gnomish Mines: levels 3 to 4
    Level 3:
    Level 4: <- You were here.
       Final resting place for
          you, killed by a dwarf,
          2460080212-Val-Hum-Fem-Law, killed by a gnome lord.


Vanquished creatures:
  a hobbit
  a yellow mold
  a gnome
  a gecko
  5 jackals
  2 goblins
  4 grid bugs
  4 newts
19 creatures vanquished.

No species were genocided or became extinct.

Game over:
                       ----------
                      /          \
                     /    REST    \
                    /      IN      \
                   /     PEACE      \
                  /                  \
                  |    2459783kj     |
                  |      16 Au       |
                  |   killed by a    |
                  |      dwarf       |
                  |                  |
                  |                  |
                  |       2026       |
                 *|     *  *  *      | *
        _________)/\\_//(\/(/\)/\//\/|_)_______

Goodbye 2459783kj the Ranger...

You died in The Gnomish Mines on dungeon level 4 with 327 points,
and 16 pieces of gold, after 1253 moves.
You were level 2 with a maximum of 22 hit points when you died.

